cohdb
Replays
Latest Replays
All Replays
Popular Replays
Top Player Replays
Match Explorer
How It Works
Community
CoH3 Stats
Reddit
Sign in to upload your games and track your stats! →
Sign in with Steam
Match 41593963
Unlisted
Match 41593963
Overview
Messages
Build Orders
End
Vickers Machine Gun Team
Construct Section Command Post
Selects Air and Sea Battlegroup
Infantry Section
Infantry Section
Selects Supply Surplus
ML 3-inch Mortar Team
Construct Field Infirmary
Forward Retreat Point
Construct Platoon Command Post
Humber Armored Car
Selects Commando Section Paradrop
Selects Commando Support Section Paradrop
Construct Company Command Post
Commando Section Paradrop
Unlock M3 Grant Medium Tanks
Commando Section Paradrop
Crusader II Medium Tank
Construct Resource Cache
Commando Support Section Paradrop
Selects Anti-tank Rocket Loiter
Anti-tank Rocket Loiter
Crusader II Medium Tank
Achilles Gaming @ YouTube
badger2
[DeanOfBao]hokkskyc
Khemerak
荒喃
我真的不是驴
Earthdog
沐雨轻然
0
0
Comments
sign in to comment!
No comments posted yet!